 Dungeon Crawl Stone Soup version 0.20.1-1-g8b1a95d (webtiles) character file.

2507 vatarom the Martial Artist (level 9, -10/74 HPs)
             Began as a Black Draconian Transmuter on Sept 21, 2017.
             Was an Initiate of Ru.
             Mangled by a death yak (25 damage)
             ... on level 7 of the Dungeon.
             The game lasted 00:15:54 (7250 turns).

vatarom the Martial Artist (DrTm)                   Turns: 7250, Time: 00:15:55

Health: -10/74     AC:  9    Str: 14      XL:     9   Next: 28%
Magic:  12/12      EV: 15    Int: 21      God:    Ru [......]
Gold:   356        SH:  0    Dex: 13 (14) Spells: 2/12 levels left

rFire    . . .     SeeInvis .   v - +7 quarterstaff "Gudutegy" {flame, +Fly Int+6}
rCold    + . .     Gourm    .   (shield currently unavailable)
rNeg     . . .     Faith    .   (armour unavailable)
rPois    +         Spirit   .   (helmet restricted)
rElec    +         Reflect  .   u - +1 cloak
rCorr    .         Harm     .   (no gloves)
MR       .....                  (no boots)
Stlth    ++........             e - amulet of magic regeneration
Regen    0.3/turn               d - ring of poison resistance
MPRegen  0.2/turn               f - +2 ring of strength

@: very slightly contaminated
A: breathe lightning, unfitting armour, horns 1, camouflage 1, cold resistance
1, electricity resistance, cold-blooded, AC +7
a: Breathe Lightning, Renounce Religion, Evoke Flight


You were on level 7 of the Dungeon.
You worshipped Ru.
Ru was noncommittal.
You were not hungry.

You visited 2 branches of the dungeon, and saw 9 of its levels.

You collected 356 gold pieces.

Inventory:

Hand Weapons
 v - the +7 quarterstaff "Gudutegy" (weapon) {flame, +Fly Int+6}
   (You found it on level 6 of the Dungeon)

   It has been specially enchanted to burn those struck by it, causing extra
   injury to most foes and up to half again as much damage against particularly
   susceptible opponents.
   It affects your intelligence (+6).
   It lets you fly.
Missiles
 a - 158 arrows
Armour
 u - a +1 cloak (worn)
Jewellery
 d - a ring of poison resistance (left hand)
 e - an amulet of magic regeneration (around neck)
 f - a +2 ring of strength (right hand)
 p - an uncursed ring of magical power
Wands
 j - a wand of enslavement (13/24)
 n - a wand of polymorph (2/24)
 o - a wand of acid (1/15)
 r - a wand of polymorph (9/24)
Scrolls
 g - 5 scrolls of remove curse
 q - a scroll of recharging
 x - a scroll of amnesia
Potions
 h - a potion of brilliance
 k - a potion of might
 z - a potion of heal wounds
Books
 b - a book of Changes

   Spells                             Type                      Level
   a - Beastly Appendage              Transmutation                1
   b - Sticks to Snakes               Transmutation                2
   c - Spider Form                    Transmutation/Poison         3
   d - Ice Form                       Ice/Transmutation            4
   e - Blade Hands                    Transmutation                5
Comestibles
 c - 4 bread rations
 i - 3 meat rations
 l - 4 royal jellies
 s - 5 fruits


   Skills:
 + Level 5.4 Fighting
 + Level 5.5 Dodging
 * Level 8.9 Unarmed Combat
 - Level 2.0 Spellcasting
 + Level 4.7 Transmutations
 - Level 3.1 Ice Magic


You had 2 spell levels left.
You knew the following spells:

 Your Spells              Type           Power        Failure   Level  Hunger
a - Beastly Appendage     Tmut           ###...       1%          1    #......
b - Sticks to Snakes      Tmut           ###.....     3%          2    ##.....
c - Spider Form           Tmut/Pois      ##........   17%         3    ###....
d - Ice Form              Ice/Tmut       ###.....     28%         4    #####..


Dungeon Overview and Level Annotations

Branches:
Dungeon (8/15)             Temple (1/1) D:6
   Lair: D:8-11

Altars:
Cheibriados
Dithmenos
Fedhas
Gozag
Hepliaklqana
Kikubaaqudgha
Makhleb
Nemelex Xobeh
Okawaru
Qazlal
Ru
Sif Muna
Trog
Uskayaw
Vehumet
Xom
Yredelemnul

Shops:
D:7 (


Innate Abilities, Weirdness & Mutations

You can breathe wild blasts of lightning.
Your glossy black scales are hard. (AC +7)
You cannot fit into any form of body armour.
You are resistant to electric shocks. (rElec)
You are cold-blooded and may be slowed by cold attacks.
You have a pair of small horns on your head.
Your skin changes colour to match your surroundings (Stealth+).
Your flesh is cold resistant. (rC+)


Message History

You assume a fearsome visage.
The death yak resists with some effort.
The death yak looks frightened!
The death yak resists with almost no effort.
The hell rat is unaffected.
The worker ant zombie is unaffected.
A hound comes into view.
The hell rat is no longer covered in acid.
Your transformation is almost over.
You warm up again.
The +7 quarterstaff "Gudutegy" {flame, +Fly Int+6} unmelds from your body.
Your +1 cloak unmelds from your body.
The +7 quarterstaff "Gudutegy" {flame, +Fly Int+6} bursts into flame!
There is a stone staircase leading up here.
The death yak gores you!
* * * LOW HITPOINT WARNING * * *
You climb upwards.
A quokka comes into view.
There is a stone staircase leading down here.
Unknown command.
The death yak gores you!!
You die...

....#####......#.....#
....##.........#..(..########
....##.........#.....##.....####
....##.........#.....##...^....#
.##..'.........#....)######.#.###
.#####.........#.....)).....#....
#...........####.....############
#...........#######'##...........
+...............@>#.#..#######..#
#...........#####Y#.#..# #(.#
#...................#..# #...
#######.....#####.###.## #.[.
..........###...#r.##.# ####
..........'.....#.....#
..........##..#.#..########
..........##..#...........#
..........##).##.........[#


You could see a death yak and a quokka.

Vanquished Creatures
  Sigmund (D:5)
  A water moccasin (D:7)
  An ice beast (D:6)
  An orc warrior (D:7)
  A black bear (D:7)
  A phantom (D:5)
  4 centaurs
  2 ogres
  2 bullfrogs
  A scorpion (D:8)
  5 killer bees (D:7)
  2 crimson imps
  2 quasits
  2 hounds (D:5)
  3 gnoll shamans
  An orc priest (D:7)
  4 orc wizards
  2 iguanas
  Crazy Yiuf (D:6)
  Ijyb (D:3)
  2 worker ants
  7 adders
  12 gnolls
  A howler monkey skeleton (D:3)
  2 river rats (D:6)
  4 oozes
  3 adder skeletons
  A worm (D:3)
  2 dart slugs (D:1)
  A leopard gecko (D:5)
  6 orcs
  4 giant cockroaches
  6 goblins
  9 hobgoblins
  11 jackals
  5 kobolds
  5 ball pythons
  10 bats
  2 frilled lizards (D:2)
  12 rats
  2 fungi (D:6)
145 creatures vanquished.

Vanquished Creatures (collateral kills)
  The ghost of Elmdore the Poker, an amateur MfSk (D:3)
  A gnoll (D:6)
  A worm (D:2)
3 creatures vanquished.

Grand Total: 148 creatures vanquished

Notes
Turn   | Place    | Note
-------+----------+-------------------------------------------
     0 | D:1      | vatarom the Draconian Transmuter began the quest for the Orb.
     0 | D:1      | Reached XP level 1. HP: 16/16 MP: 3/3
   350 | D:1      | Reached XP level 2. HP: 17/23 MP: 3/5
   794 | D:1      | Learned a level 2 spell: Sticks to Snakes
   921 | D:2      | Reached XP level 3. HP: 27/29 MP: 4/6
  1973 | D:3      | Reached skill level 4 in Unarmed Combat
  1986 | D:3      | Reached XP level 4. HP: 22/37 MP: 7/7
  2158 | D:3      | Noticed Ijyb
  2161 | D:3      | Noticed Elmdore's ghost (amateur MfSk)
  2360 | D:3      | Learned a level 3 spell: Spider Form
  2509 | D:3      | Killed Ijyb
  2566 | D:3      | Killed Elmdore's ghost
  2566 | D:3      | Reached XP level 5. HP: 27/45 MP: 1/8
  2826 | D:3      | Reached skill level 5 in Unarmed Combat
  2965 | D:4      | Found a shimmering altar of Xom.
  2995 | D:4      | Reached XP level 6. HP: 51/51 MP: 7/9
  3364 | D:5      | Entered Level 5 of the Dungeon
  3448 | D:5      | Your scales start taking on a glossy black colour.
  3448 | D:5      | Reached XP level 7. HP: 43/59 MP: 10/10
  3448 | D:5      | Gained mutation: You are resistant to electric shocks. (rElec) [Black Draconian growth]
  3477 | D:5      | Reached skill level 6 in Unarmed Combat
  3581 | D:5      | Learned a level 4 spell: Ice Form
  3608 | D:5      | Noticed Sigmund
  3649 | D:5      | Killed Sigmund
  3649 | D:5      | Reached skill level 1 in Ice Magic
  4680 | D:6      | Found a staircase to the Ecumenical Temple.
  4703 | Temple   | Entered the Ecumenical Temple
  4893 | D:6      | Reached skill level 7 in Unarmed Combat
  4893 | D:6      | Reached XP level 8. HP: 30/67 MP: 7/11
  5026 | D:6      | Found a runed door.
  5031 | D:6      | Noticed Crazy Yiuf
  5035 | D:6      | Killed Crazy Yiuf
  5185 | D:6      | Got an iridescent quarterstaff
  5188 | D:6      | Identified the +7 quarterstaff "Gudutegy" {flame, +Fly Int+6} (You found it on level 6 of the Dungeon)
  5747 | D:6      | Found a sacrificial altar of Ru.
  5825 | D:6      | Became a worshipper of Ru the Awakened
  6061 | D:7      | Reached skill level 5 in Dodging
  6104 | D:7      | Reached skill level 8 in Unarmed Combat
  6329 | D:7      | Reached skill level 5 in Fighting
  6365 | D:7      | Found Yzetom's Antique Weapon Shop.
  6436 | D:7      | Reached XP level 9. HP: 58/74 MP: 12/12
  6615 | D:7      | Got a smelly ring mail
  6616 | D:7      | Identified the +5 ring mail of Sanos {MP+9 Str+2} (You found it on level 7 of the Dungeon)
  7197 | D:8      | Noticed a death yak
  7207 | D:8      | Gained mutation: Your skin changes colour to match your surroundings (Stealth+). [potion of mutation]
  7207 | D:8      | Gained mutation: You have a pair of small horns on your head. [potion of mutation]
  7207 | D:8      | Gained mutation: Your flesh is cold resistant. (rC+) [potion of mutation]
  7208 | D:8      | Noticed a death yak
  7209 | D:8      | Noticed a death yak
  7250 | D:7      | Mangled by a death yak

Skill      XL: |  1  2  3  4  5  6  7  8 |
---------------+-------------------------+-----
Dodging        | 2 3 4 5 |  5.5
Fighting       | 2 3 4 5 |  5.4
Unarmed Combat | 4 5 7 8 |  8.9
Ice Magic      | 2 3 |  3.1
Transmutations | 3 4 |  4.7
Spellcasting   | |  2.0

Action                   |  1- 3 |  4- 6 |  7- 9 || total
-------------------------+-------+-------+-------++-------
Melee: Unarmed           |   144 |   117 |   175 ||   436
       Tailslap          |    11 |    11 |    16 ||    38
       Kick              |     5 |     6 |       ||    11
       Headbutt          |     6 |     6 |       ||    12
       Punch             |       |     2 |     7 ||     9
       Quarterstaff      |       |       |    52 ||    52
 Cast: Beastly Appendage |    26 |    14 |     2 ||    42
       Sticks to Snakes  |     4 |     2 |     2 ||     8
       Spider Form       |       |     4 |    12 ||    16
       Ice Form          |       |       |     7 ||     7
 Abil: Breathe Lightning |       |       |     3 ||     3
Evoke: Wand              |       |       |     4 ||     4
  Use: Scroll            |     5 |     5 |     7 ||    17
       Potion            |     2 |     3 |     1 ||     6
 Stab: Sleeping          |       |     2 |       ||     2
  Eat: Chunk             |     2 |     3 |     6 ||    11
       Bread ration      |     1 |       |     3 ||     4
Armor: Skin              |    64 |    22 |    64 ||   150
Dodge: Dodged            |   112 |    87 |   250 ||   449
